 Dungeon Crawl Stone Soup version 0.24-a0-813-g0f74319 (webtiles) character file.

Game seed: 17059739302618781947, levelgen mode: deterministic

609 Faca the Slinger (level 7, -4/49 HPs)
             Began as a Halfling Hunter on Oct 12, 2019.
             Slain by an ogre
             ... wielding a +0 giant spiked club
              (20 damage)
             ... on level 5 of the Dungeon.
             The game lasted 00:09:51 (3925 turns).

Faca the Slinger (Halfling Hunter)                  Turns: 3925, Time: 00:09:51

Health: -4/49      AC:  8    Str: 13    XL:     7   Next: 71%
Magic:  7/7        EV: 13    Int:  9    God:
Gold:   180        SH:  0    Dex: 17    Spells: 6/6 levels left

rFire    . . .     SeeInvis .   a - +2 hunting sling
rCold    . . .     Gourm    .   (shield restricted)
rNeg     . . .     Faith    .   o - +0 ring mail
rPois    .         Spirit   .   y - +0 helmet
rElec    .         Reflect  .   (no cloak)
rCorr    .         Harm     .   (no gloves)
MR       +....                  m - +1 pair of boots
Stlth    +.........             (no amulet)
HPRegen  0.16/turn              r - ring of protection from magic
MPRegen  0.10/turn              (no ring)

@: no status effects
A: small, mutation resistance 1
a: no special abilities


You were on level 5 of the Dungeon.
You were not hungry.

You visited 1 branch of the dungeon, and saw 5 of its levels.

You collected 180 gold pieces.

Inventory:

Hand Weapons
 a - a +2 hunting sling (weapon)
 b - a +0 short sword
Missiles
 d - 38 sling bullets
 e - 129 stones (quivered)
 x - 2 throwing nets
Armour
 m - a +1 pair of boots (worn)
 o - a +0 ring mail (worn)
 y - a +0 helmet (worn)
Jewellery
 r - a ring of protection from magic (left hand)
Wands
 i - a wand of clouds (5)
Scrolls
 h - 5 scrolls of identify
Potions
 g - a potion of curing
 p - 2 potions of brilliance
 s - a potion of agility
 t - a potion of lignification
 v - a potion of magic
 w - 2 potions of mutation
 z - a potion of haste
Comestibles
 f - 6 rations


   Skills:
 + Level 4.4 Fighting
 + Level 5.1 Short Blades
 + Level 8.7 Slings
 - Level 2.1 Dodging
 - Level 1.1 Stealth


You had 6 spell levels left.
You didn't know any spells.
Your spell library was empty.

Dungeon Overview and Level Annotations

Branches:
Dungeon (4/15)
 Temple: D:4-7

Altars:


Innate Abilities, Weirdness & Mutations

You are small and have problems with some larger weapons.
You are somewhat resistant to further mutation.


Message History

The stone hits the ogre but does no damage.
The ogre is heavily wounded.
Firing (i - inventory. (/) - cycle)
e - 132 stones (quivered)
Press: ? - help, Shift-Dir - straight line, f/p - ogre
Aim: an ogre, wielding a +0 giant spiked club (heavily wounded)
You shoot a stone. The stone hits the ogre.
The ogre is severely wounded.
The ogre barely misses you.
Firing (i - inventory. (/) - cycle)
e - 131 stones (quivered)
Press: ? - help, Shift-Dir - straight line, f/p - ogre
Aim: an ogre, wielding a +0 giant spiked club (severely wounded)
You shoot a stone. The stone hits the ogre.
The ogre is severely wounded.
Firing (i - inventory. (/) - cycle)
e - 130 stones (quivered)
Press: ? - help, Shift-Dir - straight line, f/p - ogre
Aim: an ogre, wielding a +0 giant spiked club (severely wounded)
You shoot a stone. The stone hits the ogre.
The ogre is severely wounded.
The ogre hits you with a +0 giant spiked club!!
You die...

##.##.###.#)# #.##.#
#...# #.##.# ###.#
##'##.. ..# ##...###
.#### ##.....## ....
#.......## ..##.#
#........(####.....#
+....(....(O@.....#
#.........####...##
##.......## .......
##.....## #.#####
##...## .# ##+# ..
#. .


You could see an ogre.

Vanquished Creatures
  Prince Ribbit (D:5)
  Sigmund (D:2)
  Natasha (thrice) (D:3)
  A worker ant zombie (D:5)
  Robin (D:3)
  A howler monkey zombie (D:5)
  4 gnolls (D:3)
  3 adders
  An ooze (D:2)
  An adder skeleton (D:3)
  3 worms
  2 leopard geckos
  An orc (D:4)
  2 giant cockroaches
  9 hobgoblins
  7 jackals
  6 kobolds
  A quokka (D:2)
  3 ball pythons
  8 bats
  2 frilled lizards (D:1)
  16 goblins
  4 rats (D:1)
81 creatures vanquished.

Notes
Turn   | Place    | Note
-------+----------+-------------------------------------------
     0 | D:1      | Faca the Halfling Hunter began the quest for the Orb.
     0 | D:1      | Reached XP level 1. HP: 14/14 MP: 1/1
    91 | D:1      | Reached skill level 6 in Slings
    95 | D:1      | Reached XP level 2. HP: 19/19 MP: 2/2
   101 | D:1      | Reached skill level 1 in Short Blades
  1184 | D:2      | Reached XP level 3. HP: 21/24 MP: 3/3
  1876 | D:2      | Reached XP level 4. HP: 30/30 MP: 4/4
  2397 | D:2      | Noticed Sigmund
  2436 | D:2      | Killed Sigmund
  2436 | D:2      | Reached skill level 7 in Slings
  2436 | D:2      | Reached XP level 5. HP: 20/36 MP: 5/5
  2436 | D:2      | Reached XP level 6. HP: 23/42 MP: 6/6
  2626 | D:3      | Noticed Natasha
  2643 | D:3      | Killed Natasha
  3307 | D:3      | Noticed Natasha
  3321 | D:3      | Killed Natasha
  3436 | D:3      | Noticed Robin
  3485 | D:3      | Killed Robin
  3485 | D:3      | Reached skill level 8 in Slings
  3510 | D:3      | Reached XP level 7. HP: 40/47 MP: 7/7
  3609 | D:3      | Noticed Natasha
  3620 | D:3      | Killed Natasha
  3678 | D:4      | You fall into a shaft and drop 1 floor!
  3678 | D:5      | Entered Level 5 of the Dungeon
  3678 | D:5      | Noticed Prince Ribbit
  3691 | D:5      | Killed Prince Ribbit
  3691 | D:5      | Reached skill level 5 in Short Blades
  3925 | D:5      | Slain by an ogre

Levels and vault maps discovered:
D:1:      ncdulo_wetmaze, layout_loops_ring, minivault_5
D:2:      layout_basic, first_ration, uniq_sigmund
D:3:      layout_loops_ring, uniq_robin, uniq_natasha
D:4:      layout_gridville, serial_shops, shop
D:5:      layout_loops_corners, uniq_prince_ribbit1

Skill      XL: |  1  2  3  4  5  6  7 |
---------------+----------------------+-----
Slings         | 6 7 8 |  8.7
Fighting       | 2 3 4 |  4.4
Short Blades   | 1 2 3 4 5 |  5.1
Dodging        | |  2.1
Stealth        | |  1.1

Action                   |  1- 3 |  4- 6 |  7- 9 || total
-------------------------+-------+-------+-------++-------
Melee: Short sword       |   144 |   124 |    55 ||   323
 Fire: Hunting sling     |     6 |    51 |    32 ||    89
  Use: Scroll            |       |       |    13 ||    13
 Stab: Sleeping          |     1 |       |       ||     1
  Eat: Chunk             |     3 |     2 |     1 ||     6
       Ration            |       |     1 |       ||     1
Armor: Leather armour    |    45 |       |       ||    45
       Ring mail         |       |    37 |    14 ||    51
Dodge: Dodged            |   168 |    93 |    33 ||   294

Table legend:
 A = Non-vault XP
 B = Vault XP
 C = Vault XP percentage of total XP
 D = Non-vault monster count
 E = Vault monster count
 F = Vault count percentage of total count
                 A         B        C        D         E       F
            +---------+---------+-------+---------+---------+-------
      Total |     312 |     558 |  64.1 |      65 |      16 |  19.8
            +---------+---------+-------+---------+---------+-------
        D:1 |      25 |       0 |   0.0 |      17 |       0 |   0.0
        D:2 |      75 |     220 |  74.6 |      23 |       1 |   4.2
        D:3 |     176 |      74 |  29.6 |      22 |      14 |  38.9
        D:4 |       3 |       0 |   0.0 |       1 |       0 |   0.0
        D:5 |      33 |     264 |  88.9 |       2 |       1 |  33.3
            +---------+---------+-------+---------+---------+-------
